Map: Frozen Temple

Players

Miszu

  • Race: Protoss Protoss
  • League: Master

Sinon - Winner!

  • Race: Terran Terran
  • League: Master

VOD

Have the link to the VOD?

Description

Time

  • Played on: June 27, 2016, 12:26 p.m.
  • Length: 17:34
Show
View Real Time Build Order
Export as new Build Order

Miszu Protoss 

Build Orders: 1 Gate Expand, Blink Stalkers 

Get SALT Encoding   

  12  0:05  Probe (Chrono Boost)  
  13  0:16  Probe (Chrono Boost)  
  14  0:23  Pylon  
  14  0:27  Probe (Chrono Boost)  
  15  0:41  Gateway, Probe (Chrono Boost)  
  16  0:51  Probe (Chrono Boost)  
  16  0:54  Assimilator  
  17  1:16  Nexus  
  18  1:18  Probe (Chrono Boost)  
  18  1:28  Cybernetics Core  
  18  1:31  Probe (Chrono Boost)  
  19  1:40  Pylon  
  19  1:41  Probe (Chrono Boost)  
  20  1:49  Assimilator  
  20  1:52  Probe (Chrono Boost)  
  21  2:02  Probe (Chrono Boost)  
  21  2:05  Stalker (Chrono Boost)  
  21  2:07  Warp Gate  
  24  2:14  Probe  
  25  2:31  Stalker (Chrono Boost)  
  25  2:38  Probe  
  25  2:40  Mothership Core  
  28  2:49  Probe  
  29  2:57  Stalker (Chrono Boost)  
  31  3:00  Probe  
  31  3:01  Probe  
  33  3:10  Probe  
  34  3:16  Twilight Council  
  34  3:19  Probe (Chrono Boost)  
  35  3:21  Pylon  
  35  3:22  Probe (Chrono Boost)  
  36  3:31  Probe (Chrono Boost)  
  38  3:34  Probe (Chrono Boost)  
  38  3:39  Gateway  
  38  3:40  Gateway  
  38  3:41  Probe (Chrono Boost)  
  38  3:44  Probe (Chrono Boost)  
  40  3:51  Blink (Chrono Boost)  
  40  3:52  Probe (Chrono Boost)  
  40  3:54  Probe  
  42  4:04  Probe  
  42  4:05  Probe  
  42  4:07  Pylon  
  38  4:28  Probe  
  38  4:29  Probe  
  40  4:35  Robotics Facility  
  40  4:39  Probe  
  40  4:40  Probe  
  42  4:50  Probe  
  42  4:52  Probe  
  44  5:00  Probe  
  44  5:04  Probe, Assimilator  
  46  5:07  Assimilator  
  46  5:11  Nexus, Probe  
  47  5:16  Probe  
  47  5:17  Pylon  
  48  5:22  Probe  
  48  5:23  Observer (Chrono Boost)  
  50  5:28  Probe  
  50  5:31  Stalker  
  50  5:32  Stalker x2  
  50  5:34  Resonating Glaives, Probe  
  58  5:41  Probe  
  58  5:42  Observer (Chrono Boost)  
  60  5:45  Pylon  
  60  5:46  Probe  
  61  5:53  Probe  
  62  5:58  Probe  
  62  6:01  Immortal (Chrono Boost)  
  67  6:05  Probe  
  67  6:11  Gateway, Probe  
  69  6:12  Gateway  
  69  6:15  Gateway  
  69  6:18  Probe  
  69  6:22  Probe  
  69  6:23  Probe  
  72  6:30  Sentry x2, Probe  
  72  6:31  Sentry  
  79  6:34  Probe  
  79  6:35  Probe  
  85  6:40  Immortal (Chrono Boost)  
  85  6:42  Probe  
  85  6:44  Probe  
  87  6:47  Probe  
  88  6:55  Probe x2  
  90  7:04  Forge  
  90  7:05  Forge  
  90  7:07  Pylon  
  90  7:08  Probe  
  90  7:10  Pylon  
  85  7:25  Probe x2  
  87  7:32  Immortal (Chrono Boost)  
  87  7:33  Probe  
  92  7:37  Probe  
  92  7:38  Protoss Ground Armor Level 1 (Chrono Boost)  
  92  7:39  Protoss Ground Weapons Level 1 (Chrono Boost)  
  92  7:42  Charge, Probe  
  94  7:44  Assimilator  
  94  7:46  Adept x3  
  94  7:47  Assimilator  
  100  7:53  Pylon  
  100  7:54  Pylon  
  100  7:55  Pylon  
  100  7:56  Pylon, Photon Cannon  
  100  8:00  Templar Archives  
  100  8:01  Probe  
  100  8:04  Gateway  
  101  8:06  Gateway  
  101  8:11  Probe  
  102  8:14  Adept x3  
  102  8:15  Adept x2  
  102  8:18  Adept  
  101  8:36  Adept x3  
  101  8:37  Adept x2  
  91  8:45  Immortal  
  91  8:46  Adept  
  89  8:57  Adept x4  
  89  8:58  Adept  
  97  9:17  Stalker x3  
  97  9:18  Stalker x3  
  97  9:19  Immortal  
  105  9:38  Adept  
  105  9:39  Adept  
  105  9:43  High Templar  
  105  9:44  High Templar x5  
  121  9:48  Archon x3  
  121  9:53  Immortal  
  121  9:55  Protoss Ground Armor Level 2 (Chrono Boost)  
  121  9:57  Protoss Ground Weapons Level 2 (Chrono Boost)  
  125  10:06  Robotics Facility  
  125  10:09  Pylon  
  125  10:13  Pylon  
  125  10:20  Psionic Storm  
  125  10:27  Probe x3  
  128  10:39  Adept x3, Probe  
  117  10:52  Immortal  
  117  10:56  Adept x5  
  127  10:58  Observer  
  132  11:07  High Templar x3  
  132  11:11  Pylon  
  138  11:15  Pylon  
  138  11:19  Warp Prism  
  138  11:21  Photon Cannon  
  140  11:26  Immortal  
  140  11:31  High Templar  
  140  11:32  Stalker  
  148  11:35  Stalker  
  148  11:36  Stalker, Pylon  
  152  11:49  Adept x2  
  156  11:54  Pylon  
  156  11:55  Immortal  
  160  12:05  High Templar  
  160  12:06  High Templar  
  164  12:09  Pylon  
  164  12:12  Zealot  
  164  12:15  Adept x3  
  172  12:28  Nexus  
  172  12:44  Zealot x4  
  129  13:07  Adept x3  
  129  13:08  Zealot x5  
  135  13:31  Nexus  
  119  13:42  Adept  
  119  13:43  Zealot x3  
  115  13:55  Stalker x3  
  118  14:21  Nexus  
  118  14:26  Stalker x2  
  122  14:33  Pylon  
  122  14:41  Stalker  
  122  14:42  Stalker  
  100  15:07  Zealot x3  
  100  15:08  Zealot x2  
  78  15:17  Stalker x4  
  78  15:18  Stalker  
  88  15:24  Zealot x2  
  88  15:30  Immortal  
  88  15:35  Immortal  
  92  15:40  High Templar  
  92  15:41  High Templar x3  
  92  15:42  High Templar  
  102  15:53  High Templar x2  
  106  16:04  Assimilator  
  106  16:05  Assimilator  
  106  16:11  Archon  
  106  16:13  High Templar x3  
  106  16:14  High Templar x2  
  106  16:17  Archon  
  106  16:18  Archon  
  116  16:27  Zealot x2  
  120  16:49  Stalker x3  
  120  16:50  Stalker, Zealot x3  
  130  17:11  Zealot  
  130  17:12  Zealot x2  
Show
View Real Time Build Order
Export as new Build Order

Sinon Terran - Winner!

Build Orders: Reaper Expand, MMM Bio 

Get SALT Encoding   

  12  0:00  SCV  
  13  0:13  SCV  
  14  0:18  Supply Depot  
  14  0:25  SCV  
  15  0:40  Barracks, SCV  
  16  0:45  Refinery  
  16  0:52  SCV  
  17  1:04  SCV  
  18  1:16  SCV  
  19  1:28  Orbital Command  
  19  1:30  Reaper  
  20  1:46  Command Center  
  20  1:55  SCV  
  20  1:58  Supply Depot  
  21  2:02  Barracks Reactor  
  21  2:07  SCV  
  22  2:18  Engineering Bay  
  22  2:20  SCV  
  23  2:26  Factory  
  23  2:37  SCV  
  24  2:39  Marine x2  
  26  2:49  SCV  
  27  3:00  Orbital Command  
  27  3:06  SCV  
  28  3:16  Bunker  
  28  3:17  Hellion x2  
  28  3:18  Barracks Tech Lab  
  32  3:20  SCV  
  33  3:28  SCV  
  34  3:36  SCV  
  34  3:39  Barracks, Stimpack  
  34  3:40  SCV  
  36  3:48  SCV  
  37  3:52  Barracks, SCV  
  37  3:53  Engineering Bay  
  38  3:59  Marine  
  38  4:00  SCV  
  40  4:04  SCV  
  40  4:06  Supply Depot  
  41  4:12  SCV  
  42  4:22  Refinery, SCV  
  42  4:23  Marine  
  42  4:24  SCV  
  41  4:34  SCV  
  41  4:36  SCV  
  41  4:37  Terran Infantry Weapons Level 1  
  43  4:40  Marine, Barracks Tech Lab  
  43  4:41  Marine  
  43  4:42  Marauder  
  43  4:45  Missile Turret  
  47  4:46  SCV  
  47  4:48  SCV  
  47  4:49  Missile Turret  
  49  4:58  Starport, Marine, SCV  
  50  5:01  SCV, Widow Mine  
  50  5:02  Bunker  
  50  5:05  Supply Depot  
  53  5:08  Marauder  
  53  5:10  Marine, SCV  
  53  5:11  Marauder  
  53  5:12  Refinery  
  59  5:16  SCV  
  59  5:19  Marine  
  61  5:24  SCV  
  61  5:26  Supply Depot  
  62  5:30  Marauder, SCV  
  65  5:37  Medivac  
  65  5:38  Marine, Marauder  
  70  5:47  SCV  
  70  5:49  Supply Depot, Command Center  
  71  5:50  SCV  
  71  5:52  Marine  
  71  5:53  Supply Depot, Marauder  
  71  5:56  Combat Shields  
  75  6:00  SCV  
  75  6:02  SCV  
  77  6:04  Factory Reactor  
  77  6:07  Marine  
  80  6:11  Marauder  
  80  6:14  Concussive Shells  
  80  6:16  Barracks  
  80  6:17  SCV  
  81  6:19  Refinery, Barracks, SCV  
  81  6:25  Marine, Marauder  
  85  6:29  SCV  
  86  6:33  SCV  
  86  6:34  Terran Infantry Armor Level 1  
  87  6:43  SCV  
  87  6:44  Marine x2  
  87  6:45  Marauder  
  92  6:47  Supply Depot  
  92  6:50  Supply Depot  
  92  6:51  Supply Depot  
  92  6:55  Marauder  
  92  7:01  Medivac x2  
  98  7:02  Marine x2  
  98  7:03  Orbital Command  
  98  7:04  Supply Depot  
  98  7:06  Marauder  
  100  7:23  Marine, Marauder  
  100  7:24  Marine, Orbital Command  
  100  7:25  Barracks Tech Lab x2  
  100  7:27  Barracks Reactor  
  100  7:28  Marauder, SCV  
  107  7:32  Barracks x2  
  107  7:34  Barracks, SCV  
  108  7:39  Medivac x2  
  108  7:40  SCV, Factory Reactor  
  113  7:44  Supply Depot  
  113  7:47  SCV  
  113  7:49  SCV, Armory  
  113  7:51  Engineering Bay  
  115  7:52  SCV  
  115  7:53  Marine  
  115  7:54  Marauder  
  115  7:58  Supply Depot, Marauder  
  121  8:05  Marine, Marauder  
  124  8:07  Marine  
  124  8:10  SCV x2  
  124  8:11  Marine  
  124  8:12  Missile Turret  
  128  8:15  Marauder  
  117  8:35  Marine  
  117  8:36  Marine x2, Marauder  
  117  8:37  Barracks Reactor, Barracks Tech Lab x2  
  116  8:45  Marine x2  
  116  8:46  Medivac, Marauder  
  119  8:50  Medivac  
  119  8:52  Terran Infantry Weapons Level 2  
  119  8:53  Marine x2  
  119  8:54  Marine  
  124  8:57  Marauder  
  126  9:02  Marine  
  126  9:03  Marauder  
  126  9:07  Marauder  
  127  9:11  Marine  
  126  9:19  Marauder  
  126  9:21  Marine x2  
  117  9:33  Marine x2  
  117  9:34  Marine x5, Marauder  
  117  9:35  Terran Infantry Armor Level 2  
  125  9:39  Marine x2, Liberator  
  125  9:40  Marine, Liberator  
  128  9:47  Widow Mine x2  
  128  9:49  SCV x2  
  128  9:51  Marine x3  
  128  9:52  Marine, Marauder x3  
  144  9:53  Command Center  
  144  9:54  Refinery  
  144  9:55  Marine, Refinery  
  144  9:56  Starport  
  144  9:57  Marine  
  144  9:58  Marauder  
  154  10:02  Supply Depot  
  154  10:03  Supply Depot  
  154  10:12  Supply Depot  
  154  10:13  Marine, Marauder  
  157  10:14  Terran Ship Weapons Level 1  
  157  10:15  Supply Depot  
  129  10:43  Liberator  
  129  10:47  Marine x4  
  129  10:48  Marauder  
  126  10:50  Marine x2  
  126  10:51  Marine, Marauder  
  126  10:52  Marauder  
  126  10:56  Marine  
  133  11:04  Marine  
  133  11:05  Marine x3  
  133  11:06  Orbital Command  
  133  11:08  Marine  
  133  11:09  Marauder x2  
  142  11:12  Marine, Marauder  
  142  11:13  Marine  
  142  11:15  Medivac x2  
  142  11:16  Marine  
  145  11:21  Starport  
  145  11:22  Marine x2  
  145  11:23  Marine x2  
  149  11:26  Liberator  
  149  11:30  Marauder  
  149  11:32  Marine x3  
  152  11:34  Terran Infantry Weapons Level 3, Marine  
  152  11:38  Orbital Command  
  152  11:39  Liberator  
  155  11:44  SCV  
  159  11:59  Starport Tech Lab  
  159  12:00  Starport Reactor, SCV  
  163  12:03  Fusion Core  
  162  12:10  Liberator  
  162  12:11  Marine  
  162  12:12  Marauder  
  162  12:13  Terran Infantry Armor Level 3  
  165  12:37  Sensor Tower  
  165  12:40  Missile Turret x2  
  165  12:41  Missile Turret  
  165  12:42  Marine  
  126  13:06  Marine x3  
  126  13:07  Marauder  
  114  13:23  Liberator x2  
  105  13:39  Marine x2  
  105  13:40  Marauder  
  89  13:41  Marine x8  
  89  13:55  Medivac  
  89  13:57  Marine x2  
  89  13:59  Marine x4  
  89  14:00  Marauder x4  
  89  14:01  Marauder  
  105  14:06  Liberator  
  104  14:14  Marine  
  104  14:15  Marine, Advanced Ballistics  
  106  14:18  Marine  
  106  14:19  Marine x3  
  106  14:21  Marauder  
  106  14:23  Medivac  
  117  14:25  Medivac  
  117  14:27  Orbital Command  
  119  14:36  Liberator  
  119  14:42  Marine x2  
  119  14:43  Marauder x2  
  97  15:07  Marine x2, Marauder  
  77  15:14  Marine  
  77  15:15  Marine x3, Marauder  
  75  15:23  Marine  
  75  15:24  Marine, Marauder  
  79  15:34  Marine x7  
  86  15:37  Medivac x3, Marauder  
  86  15:41  Marine x2  
  96  15:45  Marine  
  97  15:50  Liberator  
  97  15:52  Marine x5  
  97  15:53  Marauder, SCV  
  97  15:54  SCV x2  
  107  15:58  Marauder  
  107  15:59  Marauder  
  107  16:03  Marine  
  112  16:05  Liberator  
  112  16:07  Medivac  
  117  16:11  Orbital Command  
  117  16:19  Liberator  
  117  16:21  Marine x10  
  117  16:22  Marauder  
  131  16:32  Missile Turret  
  130  16:33  Liberator  
  130  16:38  Marine  
  130  16:39  Marine x2, Marauder  
  140  16:40  Marauder x2  
Tags
 
Add a new tag
Caveats
  • Supply blocks, unpowered buildings, or Contaminate may cause inaccurate times.
  • Supply counts are checked every 10 seconds.